 Dungeon Crawl Stone Soup version 0.28-a0-1152-g9c71ebef14 (webtiles) character file.

Game seed: 17886613337465672678

15873 bearlyready the Martial Artist (level 12, 0/82 HPs)
             Began as an Octopode Transmuter on Dec 14, 2021.
             Was an Initiate of Gozag.
             Slain by a white ugly thing (18 damage)
             ... on level 11 of the Dungeon.
             The game lasted 00:42:19 (19944 turns).

bearlyready the Martial Artist (OpTm)              Turns: 19944, Time: 00:42:20

Health: 0/82       AC:  2    Str: 10    XL:     12   Next: 31%
Magic:  24/24      EV: 19    Int: 20    God:    Gozag
Gold:   840        SH:  0    Dex: 17    Spells: 5/15 levels left

rFire   + . .      SeeInvis .     - Unarmed
rCold   . . .      Faith    .   (shield currently unavailable)
rNeg    . . .      Spirit   .   (helmet currently unavailable)
rPois   x          Reflect  .   (no amulet)
rElec   .          Harm     .   f - ring of protection from fire
rCorr   .          Rampage  .   x - ring of willpower
Will    +....                   I - ring of flight
Stlth   ++........              j - ring of magical power
HPRegen 0.23/turn               (no ring)
MPRegen 0.19/turn               (no ring)
                                (no ring)
                                (no ring)

@: about to teleport, spider-form (expiring), flying
A: venomous fangs, almost no armour, (amphibious), 8 rings, tiny, (camouflage
1), (gelatinous body 1), (nimble swimmer 1), (tentacles)
a: End Transformation, Renounce Religion, Potion Petition, Call Merchant, Bribe
Branch


You were on level 11 of the Dungeon.
You worshipped Gozag.
Gozag was pleased with you.
You were a venomous arachnid creature.
You visited 2 branches of the dungeon, and saw 14 of its levels.

You collected 1311 gold pieces.
You paid 471 gold pieces to Gozag.

Inventory:

Missiles
 a - 4 poisoned darts (quivered)
 b - 292 stones
 m - 8 javelins
Armour
 l - a +0 buckler
Jewellery
 c - a ring of ice
 f - a ring of protection from fire (left front leg)
 j - a ring of magical power (on tentacle)
 x - a ring of willpower (right front leg)
 I - a ring of flight (on tentacle)
Wands
 y - a wand of flame (8)
Scrolls
 d - 3 scrolls of blinking
 e - a scroll of fog
 g - 3 scrolls of identify
 h - a scroll of silence
 i - 2 scrolls of holy word
 n - 6 scrolls of enchant armour
 q - 2 scrolls of amnesia
 s - a scroll of enchant weapon
 u - a scroll of teleportation
 w - a scroll of noise
 B - a scroll of vulnerability {unknown}
 E - 3 scrolls of magic mapping {unknown}
Potions
 k - 2 potions of brilliance {unknown}
 o - a potion of haste
 p - a potion of ambrosia {unknown}
 r - 2 potions of degeneration
 t - 2 potions of magic {unknown}
 v - 2 potions of cancellation
 z - 4 potions of mutation
 A - 2 potions of curing
 F - a potion of attraction {unknown}
 G - 2 potions of resistance {unknown}
 H - a potion of lignification
 J - 2 potions of flight {unknown}


   Skills:
 + Level 7.9 Fighting
 - Level 2.0 Throwing
 - Level 2.0 Dodging
 + Level 12.5 Unarmed Combat
 - Level 2.0 Spellcasting
 + Level 12.3 Transmutations
 - Level 3.0 Ice Magic
 - Level 3.0 Poison Magic
 + Level 3.6 Evocations


You had 5 spell levels left.
You knew the following spells:

 Your Spells              Type           Power      Damage    Failure   Level
a - Beastly Appendage     Tmut           100%       N/A       1%          1
b - Wereblood             Tmut           50%        N/A       1%          2
c - Spider Form           Tmut/Pois      32%        N/A       8%          3
d - Ice Form              Ice/Tmut       32%        N/A       19%         4

Your spell library contained the following spells:

 Spells                   Type           Power      Damage    Failure   Level
 Petrify                  Tmut/Erth      26%        N/A       28%         4
 Foxfire                  Conj/Fire      8%         2x1d4     34%         1
 Pain                     Necr           8%         1d4       34%         1
 Blink                    Tloc           4%         N/A       45%         2
 Corpse Rot               Necr/Air       4%         N/A       45%         2
 Scorch                   Fire           4%         2d5       45%         2
 Conjure Flame            Conj/Fire      2%         6-21      65%         3
 Inner Flame              Hex/Fire       2%         N/A       65%         3
 Stone Arrow              Conj/Erth      4%         3d7       65%         3
 Airstrike                Air            1%         N/A       94%         4
 Dispel Undead            Necr           2%         3d7       94%         4
 Flame Wave               Conj/Fire      2%         2d4       94%         4
 Summon Lightning Spire   Summ/Air       2%         N/A       94%         4
 Metabolic Englaciation   Hex/Ice        4%         N/A       98%         5
 Agony                    Necr           2%         N/A       100%        5
 Excruciating Wounds      Necr           1%         N/A       100%        5
 Lightning Bolt           Conj/Air       1%         1d12      100%        5
 Manifold Assault         Tloc           2%         N/A       100%        5
 Statue Form              Tmut/Erth      17%        N/A       96%         6
 Death Channel            Necr           1%         N/A       100%        6
 Summon Cactus Giant      Summ           1%         N/A       100%        6
 Storm Form               Tmut/Air       13%        N/A       100%        7
 Lehudib's Crystal Spear  Conj/Erth      1%         10d2      100%        8
 Animate Armour           Summ/Erth      Unusable   N/A       N/A         4

Dungeon Overview and Level Annotations

Branches:
Dungeon (13/15)            Temple (1/1) D:6            Lair (0/6) D:9
    Orc (0/2) D:10
 Vaults: D:13-14

Altars:
Ashenzari
Cheibriados
Dithmenos
Elyvilon
Fedhas
Gozag
Hepliaklqana
Kikubaaqudgha
Makhleb
Nemelex Xobeh
Okawaru
Qazlal
Ru
Sif Muna
Trog
Uskayaw
Vehumet
Wu Jian
Xom
Yredelemnul
Zin
The Shining One
Beogh

Shops:
D:11 ([(   D:13 [

Annotations:
D:7 1 runed translucent door, rogsnak's ghost, novice DsAE


Innate Abilities, Weirdness & Mutations

You are a venomous arachnid creature.
You have poisonous fangs.
You are tiny and dextrous.
Your spellcasting is less reliable in this form.
Your armour is entirely melded.
You are incapable of wielding weapons or throwing items.
You cannot wear most types of armour.
((You are amphibious.))
You can wear up to eight rings at the same time.
((Your skin changes colour to match your surroundings (Stealth+).))
((Your rubbery body absorbs attacks. (AC +1, EV +1)))
((You are camouflaged near water. (Stealth+)))
((You have tentacles for arms and can constrict up to eight enemies at once.))


Message History

Press: ? - help, Q - select action, (/) - cycle Shift-Dir - straight line, f/p - two-headed ogre
Aim: a two-headed ogre, wielding a +0 giant spiked club and a +0 giant club (76% to hit)
You throw a poisoned dart.
The poisoned dart hits the two-headed ogre.
The two-headed ogre is poisoned.
Throw: 5 darts (poison)
Press: ? - help, Q - select action, (/) - cycle Shift-Dir - straight line, f/p - two-headed ogre
Aim: a two-headed ogre, wielding a +0 giant spiked club and a +0 giant club (poisoned, 76% to hit)
You throw a poisoned dart.
The poisoned dart hits the two-headed ogre.
The two-headed ogre looks even sicker.
Casting: Spider Form (safe; 1% risk of failure)
Confirm with . or Enter, or press ? or * to list all spells.
You turn into a venomous arachnid creature.
You maul the two-headed ogre!!
The two-headed ogre is moderately wounded.
The two-headed ogre hits you with a +0 giant spiked club!!!
The two-headed ogre hits you with a +0 giant club!
There is an open door here.
You reach down and close the door.
A two-headed ogre opens the door.
You reach down and close the door.
A two-headed ogre opens the door.
You reach down and close the door.
A two-headed ogre opens the door.
You reach down and close the door.
A two-headed ogre opens the door.
You reach down and close the door.
A two-headed ogre opens the door.
You reach down and close the door.
A two-headed ogre opens the door.
You reach down and close the door.
A two-headed ogre breaks down the door.
It's broken and can't be closed.
A white ugly thing comes into view.
There is an open door here.
The white ugly thing gurgles horribly!
You reach down and close the door.
A two-headed ogre opens the door.
As you read the scroll of teleportation, it crumbles to dust.
You feel strangely unstable. The white ugly thing misses you.
Your transformation is almost over.
The white ugly thing punches you!
* * * LOW HITPOINT WARNING * * *
The white ugly thing freezes you!!
You die...
Your body crumbles into a pile of gold.

############ #########
#..........# #........
#......sO..# #...[....
#......u...# ###........
#.......[..###.'....(.((
#..........'...#........
#..........############'
#####'###### #. #..## #.
##..# ####### ##.#
#......


You could see a white ugly thing and a two-headed ogre.

Vanquished Creatures
  Josephine (D:11)
  Harold (D:9)
  A hydra (D:13)
  Erica (D:9)
  7 two-headed ogres
  An ugly thing (D:12)
  A manticore (D:13)
  A guardian serpent (D:11)
  2 gargoyles
  2 komodo dragons (D:8)
  2 hornets
  3 trolls
  A slime creature (D:13)
  A shadow (D:9)
  5 wraiths
  2 wyverns (D:8)
  10 yaks
  2 steam dragons
  3 vampire mosquitoes (D:11)
  A water moccasin (D:7)
  Duvessa (D:6)
  3 acid dragons
  A black bear (D:4)
  A necrophage (D:7)
  An ogre (D:5)
  3 boggarts (D:11)
  2 centaurs
  A bullfrog (D:8)
  Dowan (D:6)
  3 killer bees (D:8)
  3 wights (D:10)
  2 electric eels (D:10)
  2 howler monkeys
  A lava snake (D:13)
  3 centaur zombies
  A bullfrog skeleton (D:6)
  A centaur skeleton (D:6)
  3 orc priests (D:7)
  2 hounds
  A jelly (D:7)
  3 iguanas
  Natasha (twice) (D:4)
  5 orc wizards
  A killer bee zombie (D:7)
  A howler monkey zombie (D:10)
  4 adders
  A shadow imp (D:6)
  A white imp (D:7)
  2 ufetubi (D:7)
  An adder skeleton (D:4)
  2 dart slugs
  14 orcs
  5 ball pythons
  5 endoplasms
  3 giant cockroaches
  3 goblins
  8 hobgoblins
  3 jackals (D:4)
  5 quokkas
  7 bats
  6 frilled lizards
  11 kobolds
  3 rats
180 creatures vanquished.

Vanquished Creatures (collateral kills)
  A kobold brigand (D:8)
  A kobold (D:8)
2 creatures vanquished.

Vanquished Creatures (others)
  33 plants
33 creatures vanquished.

Grand Total: 215 creatures vanquished

Notes
Turn   | Place    | Note
-------+----------+-------------------------------------------
     0 | D:1      | bearlyready the Octopode Transmuter began the quest for the
                  | Orb.
     0 | D:1      | Reached XP level 1. HP: 13/13 MP: 3/3
   378 | D:1      | Reached XP level 2. HP: 18/18 MP: 3/5
   770 | D:1      | Reached XP level 3. HP: 23/23 MP: 6/6
  1417 | D:2      | Learned a level 2 spell: Wereblood
  1481 | D:2      | Learned a level 3 spell: Spider Form
  2010 | D:3      | Found a faded altar of an unknown god.
  2029 | D:3      | Reached XP level 4. HP: 26/28 MP: 3/7
  2081 | D:3      | Reached skill level 1 in Poison Magic
  2524 | D:3      | Found a glowing golden altar of the Shining One.
  3862 | D:4      | Reached XP level 5. HP: 7/33 MP: 4/8
  4174 | D:4      | Noticed a black bear
  4187 | D:4      | Killed a black bear
  4188 | D:4      | Reached XP level 6. HP: 20/38 MP: 4/9
  4373 | D:4      | You fall into a shaft and drop 3 floors!
  4471 | D:7      | Found a shadowy altar of Dithmenos.
  4504 | D:7      | Found a sparkling altar of Nemelex Xobeh.
  4755 | D:7      | Reached skill level 5 in Unarmed Combat
  5220 | D:8      | Noticed a komodo dragon
  5238 | D:8      | Killed a komodo dragon
  5239 | D:8      | Reached skill level 5 in Transmutations
  5239 | D:8      | Reached XP level 7. HP: 31/43 MP: 10/10
  5396 | D:8      | Noticed a wyvern
  5436 | D:8      | Learned a level 4 spell: Ice Form
  5510 | D:7      | Reached skill level 1 in Ice Magic
  5783 | D:5      | Entered Level 5 of the Dungeon
  6198 | D:4      | Found an ornate altar of the Wu Jian Council.
  6267 | D:4      | Noticed Natasha
  6280 | D:4      | Killed Natasha
  6287 | D:4      | Reached XP level 8. HP: 29/48 MP: 7/11
  6445 | D:4      | Noticed Natasha
  6450 | D:4      | Killed Natasha
  6451 | D:4      | Found a sacrificial altar of Ru.
  6941 | D:6      | Noticed Duvessa
  6943 | D:6      | Noticed Dowan
  6953 | D:6      | Killed Dowan
  6975 | D:6      | Killed Duvessa
  7260 | D:6      | Found a staircase to the Ecumenical Temple.
  7275 | Temple   | Entered the Ecumenical Temple
  8218 | D:6      | Found a basalt altar of Yredelemnul.
  8222 | D:6      | Found an ancient bone altar of Kikubaaqudgha.
  8222 | D:6      | Found a hide-covered altar of Uskayaw.
  8235 | D:6      | Found a radiant altar of Vehumet.
  8238 | D:6      | Found a hazy altar of Hepliaklqana.
  8597 | D:7      | Reached XP level 9. HP: 24/53 MP: 9/12
  9071 | D:7      | Found a runed translucent door.
  9074 | D:7      | Noticed rogsnak's ghost (novice DsAE)
  9298 | D:8      | Noticed a hornet
  9309 | D:8      | Killed a hornet
 10627 | D:9      | Noticed a troll
 10631 | D:9      | Noticed a hornet
 10641 | D:9      | Found an opulent altar of Gozag.
 10649 | D:9      | Became a worshipper of Gozag Ym Sagoz the Greedy
 10849 | D:9      | Noticed Harold
 11135 | D:9      | Noticed a two-headed ogre
 11185 | D:9      | Noticed a komodo dragon
 11199 | D:8      | Killed a komodo dragon
 11407 | D:9      | Killed Harold
 11408 | D:9      | Reached skill level 5 in Fighting
 11408 | D:9      | Reached XP level 10. HP: 66/66 MP: 13/13
 11435 | D:9      | Killed a two-headed ogre
 11974 | D:9      | Noticed a two-headed ogre
 12002 | D:9      | Found a staircase to the Lair.
 12077 | D:9      | Noticed a two-headed ogre
 12123 | D:9      | Killed a two-headed ogre
 12124 | D:9      | Reached skill level 10 in Unarmed Combat
 12424 | D:9      | Reached skill level 10 in Transmutations
 12700 | D:9      | Noticed a tengu warrior
 12700 | D:9      | Noticed Erica
 12716 | D:9      | Killed Erica
 12716 | D:9      | Noticed a boulder beetle
 13013 | D:10     | Entered Level 10 of the Dungeon
 13076 | D:10     | Reached XP level 11. HP: 75/75 MP: 9/14
 13187 | D:10     | Found a shimmering blue altar of Sif Muna.
 13376 | D:10     | Noticed a two-headed ogre
 13403 | D:10     | Killed a two-headed ogre
 13404 | D:10     | Reached skill level 1 in Throwing
 13744 | D:10     | Noticed a two-headed ogre
 13757 | D:10     | Killed a two-headed ogre
 13806 | D:10     | Found a blossoming altar of Fedhas.
 14321 | D:10     | Found a staircase to the Orcish Mines.
 15585 | D:11     | Found Othrulutu's Antique Weapon Emporium.
 15635 | D:12     | Noticed a cyan ugly thing
 16357 | D:11     | Noticed a two-headed ogre
 16493 | D:11     | Found Matz's Armour Shoppe.
 16518 | D:11     | Found Ugriseas's Weapon Boutique.
 16566 | D:11     | Killed a two-headed ogre
 16860 | D:11     | Noticed a cyclops
 17086 | D:11     | Noticed Josephine
 17106 | D:11     | Killed Josephine
 17107 | D:11     | Reached skill level 1 in Evocations
 17336 | D:11     | Noticed a cyan ugly thing
 17349 | D:11     | HP: 3/75 [cyan ugly thing (13)]
 17742 | D:12     | Killed a cyan ugly thing
 17743 | D:12     | Reached XP level 12. HP: 37/81 MP: 15/15
 18204 | D:12     | Noticed a seven-headed hydra
 18297 | D:13     | Found Ediugole's Armour Shop.
 18297 | D:13     | Noticed an eight-headed hydra
 18298 | D:13     | Noticed a two-headed ogre
 18620 | D:13     | Killed a two-headed ogre
 18975 | D:13     | Noticed a two-headed ogre
 19032 | D:13     | Killed a two-headed ogre
 19101 | D:13     | Killed an eight-headed hydra
 19370 | D:13     | Noticed a two-headed ogre
 19911 | D:11     | Noticed a two-headed ogre
 19944 | D:11     | Slain by a white ugly thing

Illustrated notes

Levels and vault maps discovered:
D:1:      erik_arrival_orb_chamber, layout_basic
D:2:      layout_rooms
D:3:      layout_basic, lemuel_doored_altar, hellmonk_ecumenical_altar_zigzags,
          serial_bayou_pond_e, mrwooster_statue_mirror, grunt_ministairs_13
D:4:      layout_rooms, nicolae_wu_jian_immortal_techniques,
          mainiacjoe_overflow_chevrons, uniq_natasha
D:5:      layout_loops_ring, serial_glass, glass_columns_a, glass_columns_b
D:6:      layout_loops_cross, minmay_overflow_temple_star_hex,
          minmay_temple_entry_drinking_statues, chequers_serial_rivers_micro_e,
          kennysheep_generic_room_15, uniq_duvessa
D:7:      layout_basic, mainiacjoe_overflow_boulevard, amcnicky_altar_gilded,
          ebering_ghost_reflecting_pool, serial_rivers,
          chequers_serial_rivers_marsh, chequers_serial_rivers_micro_b,
          chequers_serial_rivers_large_b, chequers_serial_rivers_small_b,
          chequers_serial_rivers_micro_e, david_defended_altar_orc
D:8:      layout_loops_corners, enter_bailey_2
D:9:      wad_guarded_room, layout_basic, grunt_gozag_statues,
          david_lair_shrubbed, uniq_harold, uniq_erica
D:10:     cheibrodos_helix_gallery, layout_layer_cave,
          nicolae_sif_muna_condensation, fedhas_ov_isle_minmay, orc_0_dummy
D:11:     layout_roguey, serial_shops, shop, nicolae_lakefront_shop,
          nicolae_lakefront_shop, nicolae_shop_bloodbath_and_beyond,
          nrook_guardian_serpent_double, uniq_josephine
D:12:     lemuel_ice_statue, layout_long_grid, amcnicky_mini_pool_small,
          minmay_evil_grid
D:13:     layout_cave_pools, serial_shops, nicolae_inconvenience_store,
          minmay_fractal_squares_gapless_7
Temple:   nicolae_temple_figure_zero

Skill      XL: |  1  2  3  4  5  6  7  8  9 10 11 12 |
---------------+-------------------------------------+-----
Transmutations | 3 4 5 7 9 10 12 | 12.3
Poison Magic   | 2 3 |  3.0
Unarmed Combat | 4 6 7 9 10 12 | 12.5
Ice Magic      | 1 3 |  3.0
Fighting       | 5 7 |  7.9
Throwing       | 2 |  2.0
Evocations     | 2 3 |  3.6
Dodging        | |  2.0
Spellcasting   | |  2.0

Action                   |  1- 3 |  4- 6 |  7- 9 | 10-12 || total
-------------------------+-------+-------+-------+-------++-------
Melee: Unarmed           |    87 |    86 |   201 |   252 ||   626
       Constrict         |    22 |    15 |    13 |     2 ||    52
       Tentacles         |    15 |    15 |    21 |     4 ||    55
       Kick              |     2 |     8 |     3 |       ||    13
       Punch             |       |     3 |     6 |     2 ||    11
Throw: Dart              |       |     5 |    13 |    54 ||    72
       Boomerang         |       |       |       |    21 ||    21
       Throwing net      |       |       |       |     1 ||     1
       Javelin           |       |       |       |     9 ||     9
       Stone             |       |       |       |     7 ||     7
 Cast: Beastly Appendage |     6 |     9 |     2 |       ||    17
       Wereblood         |     2 |     4 |     2 |     6 ||    14
       Spider Form       |       |     3 |    16 |    23 ||    42
       Ice Form          |       |       |       |    11 ||    11
Invok: Potion Petition   |       |       |       |     1 ||     1
 Abil: End Transformatio |       |       |       |     1 ||     1
Evoke: Wand              |       |       |     7 |    16 ||    23
  Use: Scroll            |       |    10 |    10 |     8 ||    28
       Potion            |       |       |     6 |     5 ||    11
 Stab: Sleeping          |     7 |     9 |     1 |       ||    17
Armor: Skin              |     7 |     6 |    18 |    39 ||    70
Dodge: Dodged            |    60 |    32 |   153 |   177 ||   422

Table legend: (Time is in decaauts)
 A = Elapsed time spent in this place.
 B = Non-inter-level travel time spent in this place.
 C = Inter-level travel time spent in this place.
 D = Time resting spent in this place.
 E = Time spent auto-exploring this place.
 F = Levels seen in this place.
 G = Mean time per level.
                   A        B        C        D        E       F      G
               +--------+--------+--------+--------+--------+-----+--------+
         Total |  19907 |  19354 |    553 |   3561 |  12486 |  14 | 1421.9 |
       Dungeon |  19782 |  19229 |    553 |   3561 |  12374 |  13 | 1521.7 |
        Temple |    124 |    124 |      0 |      0 |    112 |   1 |  124.0 |
               +--------+--------+--------+--------+--------+-----+--------+

Top non-repeatable levels by time:
     D:8: 2518 daAuts
    D:11: 2330 daAuts
    D:10: 2191 daAuts
     D:7: 1812 daAuts
     D:9: 1730 daAuts
     D:3: 1463 daAuts
     D:6: 1312 daAuts
     D:1: 1292 daAuts
    D:13: 1232 daAuts
    D:12: 1187 daAuts
     D:4: 1147 daAuts
     D:2: 825 daAuts
     D:5: 739 daAuts
  Temple: 124 daAuts
